 Dungeon Crawl Stone Soup version 0.31-a0-234-gad7ace16ef (webtiles) character file.

Game seed: 12179158874572830418

1299 qw the Skirmisher (level 8, 0/68 HPs)
             Began as a Minotaur Hexslinger on July 9, 2023.
             Slain by Maggie
             ... wielding a +3 broad axe of pain
              (5 damage)
             ... on level 6 of the Dungeon.
             The game lasted 00:02:10 (4372 turns).

qw the Skirmisher (Minotaur Hexslinger)             Turns: 4372, Time: 00:02:11

Health: 0/68       AC: 10    Str: 12    XL:     8   Next: 31%
Magic:  8/8        EV: 15    Int: 10    God:
Gold:   229        SH:  0    Dex: 18    Spells: 8/9 levels left

rFire   + . .        Y - +2 sling
rCold   . . .        (no shield)
rNeg    . . .        a - +0 robe of the Wasteland {-Cast rF+ rCorr Dex+2}
rPois   .            (helmet restricted)
rElec   .            e - +0 cloak
rCorr   +            (no gloves)
SInv    +            g - +2 pair of boots
Will    .....        (no amulet)
Stlth   ++           b - +4 ring of protection
HPRegen 0.31/turn    k - ring of see invisible
MPRegen 0.11/turn

%: no spellcasting
@: mesmerised
A: horns 2, retaliatory headbutt
a: no special abilities


You were on level 6 of the Dungeon.
You visited 1 branch of the dungeon, and saw 6 of its levels.
You also visited: Sewer.

You collected 341 gold pieces.
You spent 112 gold pieces at shops.


Innate Abilities, Weirdness & Mutations

You have a pair of horns on your head.
You reflexively headbutt those who attack you in melee.


   Skills:
 - Level 5.1 Fighting
 + Level 8.0 Ranged Weapons
 - Level 2.7 Armour
 - Level 6.2 Dodging
 - Level 1.0 Spellcasting
 - Level 2.0 Hexes


You had 8 spell levels left.
You knew the following spells:

 Your Spells              Type           Power      Damage    Failure   Level
a - Slow                  Hex            16%        N/A       16%         1

Your spell library contained the following spells:

 Spells                   Type           Power      Damage    Failure   Level
 Inner Flame              Hex/Fire       2%         N/A       56%         3
 Portal Projectile        Hex/Tloc       4%         N/A       56%         3
 Cause Fear               Hex            2%         N/A       83%         4

Inventory:

Hand Weapons
 Y - a +2 sling (weapon)
Armour
 a - the +0 robe of the Wasteland (worn) {-Cast rF+ rCorr Dex+2}
   (You found it on level 3 of the Dungeon)

   Dex:       It affects your dexterity (+2).
   rF:        It protects you from fire.
   -Cast:     It prevents spellcasting.
   rCorr:     It protects you from acid and corrosion.
 e - a +0 cloak (worn)
 g - a +2 pair of boots (worn)
Jewellery
 b - a +4 ring of protection (left hand)
 k - a ring of see invisible (right hand)
Scrolls
 c - 2 scrolls of identify
Potions
 h - 2 potions of curing
 l - 6 potions of enlightenment
 n - a potion of ambrosia {unknown}
 o - a potion of invisibility {unknown}
 p - a potion of mutation {unknown}

Dungeon Overview and Level Annotations

Branches:
Dungeon (5/15)             Temple (0/1) D:4           Sewer (visited)

Altars:
Ashenzari
Dithmenos
Kikubaaqudgha
Ru
Uskayaw
Vehumet
Wu Jian
Yredelemnul

Shops:
D:1 !!

Annotations:
D:6 Maggie


Message History

You shoot a sling bullet.
The sling bullet completely misses Maggie.
Maggie gestures at you while chanting. The bolt of fire hits you! You resist.
You shoot a sling bullet. The sling bullet hits Maggie.
Maggie is moderately wounded.
Maggie misses you. You furiously retaliate!
You headbutt Maggie. You shoot a sling bullet. The sling bullet hits Maggie.
Maggie is moderately wounded.
Maggie barely misses you.
You shoot a sling bullet.
The sling bullet hits Maggie but does no damage.
Maggie is moderately wounded.
Maggie hits you with a +3 broad axe of pain!
You writhe in agony.
You shoot a sling bullet. The sling bullet hits Maggie.
Maggie is moderately wounded.
Maggie hits you with a +3 broad axe of pain!
You writhe in agony.
4367 ||| DRINKING potion of heal wounds.
You feel much better.
Maggie casts a spell.
Maggie draws you further into her thrall.
You shoot a sling bullet. The sling bullet closely misses Maggie.
Maggie closely misses you.
You shoot a sling bullet. The sling bullet hits Maggie.
Maggie is heavily wounded.
Maggie hits you with a +3 broad axe of pain!
You shoot a sling bullet.
The sling bullet hits Maggie but does no damage.
Maggie is heavily wounded.
Maggie hits you with a +3 broad axe of pain!
You shoot a sling bullet.
The sling bullet hits Maggie but does no damage.
Maggie is heavily wounded.
Maggie barely misses you.
You shoot a sling bullet. The sling bullet hits Maggie!
Maggie is heavily wounded.
Maggie hits you with a +3 broad axe of pain.
You die...

##############
#.@...........
#@####....####
#. #....# ..
#....# ..#
##...# ..#
#...# ...
#...# ##>.
+...+ #...#


You could see Maggie (mesmerising).

Vanquished Creatures
  Pikel (D:4)
  An orc warrior (D:5)
  An ogre (D:4)
  2 scorpions
  4 orc priests
  An iguana (D:4)
  2 sleepcaps
  2 orc wizards
  4 gnolls (D:4)
  9 adders
  3 river rats (Sewer)
  2 ufetubi (D:5)
  5 worms
  5 dart slugs
  17 orcs
  11 ball pythons
  12 bats
  6 endoplasms
  4 giant cockroaches
  5 hobgoblins
  3 jackals
  5 kobolds
  11 quokkas
  6 frilled lizards
  7 goblins
  4 rats
133 creatures vanquished.

Notes
Turn   | Place    | Note
-------+----------+-------------------------------------------
     0 | D:1      | qw the Minotaur Hexslinger began the quest for the Orb.
     0 | D:1      | Reached XP level 1. HP: 16/16 MP: 1/1
     0 | D:1      | 0 ||| qw: Version: 0.3-a-51-g015441d
     0 | D:1      | 0 ||| qw: Game counter: 4323
     0 | D:1      | 0 ||| qw: Melee chars always use a shield: true
     0 | D:1      | 0 ||| qw: God list: Okawaru
     0 | D:1      | 0 ||| qw: Allow faded altars: false
     0 | D:1      | 0 ||| qw: Do Orc after clearing Dungeon:15 true
     0 | D:1      | 0 ||| qw: Do second Lair branch before Depths: true
     0 | D:1      | 0 ||| qw: Lair rune preference: random
     0 | D:1      | 0 ||| qw: Goals: Normal
     0 | D:1      | 0 ||| PLANNING D:1-11
    90 | D:1      | Found Souraruw's Distillery.
   131 | D:1      | 131 ||| BUYING potion of curing (42 gold).
   131 | D:1      | Bought a potion of curing for 42 gold pieces
   131 | D:1      | 131 ||| SHOPLISTING potion of curing (42 gold, have 34).
   131 | D:1      | 131 ||| SHOPLISTING potion of heal wounds (70 gold, have
                  | 34).
   131 | D:1      | 131 ||| SHOPLISTING potion of might (56 gold, have 34).
   131 | D:1      | 131 ||| SHOPLISTING potion of mutation (112 gold, have 34).
   400 | D:1      | Reached skill level 3 in Ranged Weapons
   400 | D:1      | Reached XP level 2. HP: 23/23 MP: 2/2
   554 | D:1      | Found Iklo's Distillery.
   559 | D:1      | 559 ||| SHOPLISTING 2 potions of heal wounds (140 gold,
                  | have 73).
   559 | D:1      | 559 ||| SHOPLISTING 2 potions of resistance (280 gold, have
                  | 73).
   559 | D:1      | 559 ||| BUYING potion of enlightenment (70 gold).
   559 | D:1      | Bought a potion of enlightenment for 70 gold pieces
   559 | D:1      | 559 ||| SHOPLISTING potion of haste (140 gold, have 3).
   778 | D:1      | 778 ||| UPGRADING to +0 cloak.
   783 | D:1      | 783 ||| UPGRADING to +0 leather armour.
   793 | D:1      | 793 ||| DROPPING +0 robe.
   794 | D:1      | 794 ||| READING scroll labelled XOOHOQ VIAXASI.
   795 | D:1      | 795 ||| READING scroll labelled TEGUFIRAJA.
   800 | D:1      | 800 ||| READING scroll labelled GYET BOEDAR.
   801 | D:1      | 801 ||| READING scroll labelled WAGONL SOUDEU.
   802 | D:1      | 802 ||| DRINKING 2 purple potions.
   803 | D:1      | 803 ||| DROPPING scroll of poison.
   894 | D:2      | Reached XP level 3. HP: 29/29 MP: 3/3
  1090 | D:2      | Reached skill level 4 in Ranged Weapons
  1262 | D:2      | 1262 ||| UPGRADING to +4 ring of protection.
  1263 | D:2      | 1263 ||| READING scroll labelled GAAQURO SULA.
  1284 | D:3      | Reached XP level 4. HP: 36/36 MP: 4/4
  1290 | D:3      | Identified the +0 robe of the Wasteland {-Cast rF+ rCorr
                  | Dex+2}
  1300 | D:3      | Found a broken altar of Ashenzari.
  1304 | D:3      | Found an ornate altar of the Wu Jian Council.
  1311 | D:3      | Found a hide-covered altar of Uskayaw.
  1370 | D:3      | Reached skill level 5 in Ranged Weapons
  1378 | D:3      | Noticed a scorpion
  1386 | D:3      | Killed a scorpion
  1387 | D:3      | Reached skill level 3 in Fighting
  1387 | D:3      | Reached XP level 5. HP: 35/45 MP: 5/5
  1426 | D:3      | Found an ancient bone altar of Kikubaaqudgha.
  1590 | D:3      | Found a shadowy altar of Dithmenos.
  1664 | D:3      | Found a faded altar of an unknown god.
  1741 | D:3      | 1741 ||| UPGRADING to +0 robe of the Wasteland {-Cast rF+
                  | rCorr Dex+2}.
  1771 | D:3      | 1771 ||| UPGRADING to +2 pair of boots.
  1776 | D:3      | 1776 ||| DROPPING +0 leather armour.
  1815 | D:3      | 1815 ||| FLEEEEING.
  1817 | D:3      | 1817 ||| FLEEEEING.
  1818 | D:3      | 1818 ||| FLEEEEING.
  1819 | D:3      | 1819 ||| FLEEEEING.
  1820 | D:3      | 1820 ||| FLEEEEING.
  1821 | D:3      | 1821 ||| FLEEEEING.
  1822 | D:3      | 1822 ||| FLEEEEING.
  1823 | D:3      | 1823 ||| FLEEEEING.
  1824 | D:3      | 1824 ||| FLEEEEING.
  1825 | D:3      | 1825 ||| FLEEEEING.
  1826 | D:3      | 1826 ||| FLEEEEING.
  1827 | D:3      | 1827 ||| FLEEEEING.
  1828 | D:3      | 1828 ||| FLEEEEING.
  1829 | D:3      | 1829 ||| FLEEEEING.
  1830 | D:3      | 1830 ||| FLEEEEING.
  1831 | D:3      | 1831 ||| FLEEEEING.
  1832 | D:3      | 1832 ||| FLEEEEING.
  1833 | D:3      | 1833 ||| FLEEEEING.
  1834 | D:3      | 1834 ||| FLEEEEING.
  1835 | D:3      | 1835 ||| FLEEEEING.
  1836 | D:3      | 1836 ||| FLEEEEING.
  1837 | D:3      | 1837 ||| FLEEEEING.
  1838 | D:3      | 1838 ||| FLEEEEING.
  1839 | D:3      | 1839 ||| FLEEEEING.
  1840 | D:3      | 1840 ||| FLEEEEING.
  1841 | D:3      | 1841 ||| FLEEEEING.
  1842 | D:3      | 1842 ||| FLEEEEING.
  1843 | D:3      | 1843 ||| FLEEEEING.
  1844 | D:3      | 1844 ||| FLEEEEING.
  1845 | D:3      | 1845 ||| FLEEEEING.
  1846 | D:3      | 1846 ||| FLEEEEING.
  1847 | D:3      | 1847 ||| FLEEEEING.
  1848 | D:3      | 1848 ||| FLEEEEING.
  1849 | D:3      | 1849 ||| FLEEEEING.
  1850 | D:3      | 1850 ||| FLEEEEING.
  1852 | D:3      | 1852 ||| FLEEEEING.
  1853 | D:3      | 1853 ||| FLEEEEING.
  1854 | D:3      | 1854 ||| FLEEEEING.
  1855 | D:3      | 1855 ||| FLEEEEING.
  1856 | D:3      | 1856 ||| FLEEEEING.
  1857 | D:3      | 1857 ||| STAIRDANCE
  1893 | D:3      | 1893 ||| STAIRDANCE
  2173 | D:4      | 2173 ||| PLANNING SEWER
  2208 | D:4      | Reached skill level 6 in Ranged Weapons
  2217 | D:4      | Reached XP level 6. HP: 39/52 MP: 6/6
  2217 | D:4      | 2217 ||| FLEEEEING.
  2219 | D:4      | 2219 ||| FLEEEEING.
  2220 | D:4      | 2220 ||| FLEEEEING.
  2221 | D:4      | 2221 ||| FLEEEEING.
  2222 | D:4      | 2222 ||| FLEEEEING.
  2223 | D:4      | 2223 ||| FLEEEEING.
  2224 | D:4      | 2224 ||| FLEEEEING.
  2225 | D:4      | 2225 ||| STAIRDANCE
  2332 | D:4      | Found a sacrificial altar of Ru.
  2332 | D:4      | Found a radiant altar of Vehumet.
  2380 | D:4      | Found a glowing drain.
  2381 | D:4      | 2381 ||| UPGRADING to ring of see invisible.
  2382 | D:4      | 2382 ||| READING scroll labelled HECZAI XEFABO.
  2383 | D:4      | 2383 ||| READING scroll labelled UPNULL VUAMIMA.
  2507 | Sewer    | Entered a sewer
  2529 | Sewer    | 2529 ||| Stepping ~*~*~tactically~*~*~ (water).
  2533 | Sewer    | 2533 ||| Stepping ~*~*~tactically~*~*~ (water).
  2869 | Sewer    | 2869 ||| Stepping ~*~*~tactically~*~*~ (water).
  2876 | Sewer    | Reached skill level 7 in Ranged Weapons
  2876 | Sewer    | Reached XP level 7. HP: 59/59 MP: 7/7
  3070 | Sewer    | 3070 ||| READING scroll labelled RAGOKHL TAROROKK.
  3071 | Sewer    | 3071 ||| READING scroll labelled IFRIGI YJILLO.
  3072 | Sewer    | 3072 ||| READING 2 scrolls of identify.
  3072 | Sewer    | 3072 ||| IDENTIFYING murky pink potion
  3073 | Sewer    | 3073 ||| DROPPING potion of magic.
  3096 | D:4      | 3096 ||| PLANNING D:1-11
  3100 | D:4      | Noticed Pikel
  3115 | D:4      | Killed Pikel
  3116 | D:4      | Reached skill level 6 in Dodging
  3411 | D:4      | Reached XP level 8. HP: 35/66 MP: 8/8
  3594 | D:4      | Found a staircase to the Ecumenical Temple.
  3595 | D:4      | 3595 ||| PLANNING TEMPLE
  3700 | D:4      | 3700 ||| DRINKING 2 golden potions.
  3746 | D:4      | 3746 ||| DROPPING potion of lignification.
  3764 | D:5      | Entered Level 5 of the Dungeon
  4109 | D:5      | Found a basalt altar of Yredelemnul.
  4138 | D:5      | Reached skill level 8 in Ranged Weapons
  4255 | D:5      | HP: 15/67 [ice beast (12)]
  4256 | D:5      | 4256 ||| READING scroll of teleportation.
  4257 | D:5      | 4257 ||| DRINKING 2 potions of heal wounds.
  4260 | D:5      | You fall into a shaft and drop 1 floor!
  4345 | D:6      | Noticed Maggie
  4366 | D:6      | HP: 13/68 [Maggie/+3 broad axe of pain (7)]
  4367 | D:6      | 4367 ||| DRINKING potion of heal wounds.
  4370 | D:6      | HP: 4/68 [Maggie/+3 broad axe of pain (13)]
  4372 | D:6      | Slain by Maggie

Levels and vault maps discovered:
D:1:      dpeg_arrival_water_temple_mockup, layout_loops_ring, serial_shops,
          nicolae_shop_pleasant_corner_grove, shop_coins, minmay_misc_feat_tiny
D:2:      layout_basic
D:3:      layout_rooms, kiku_gazebo_garden_becter, mainiacjoe_overflow_alcove_2,
          grunt_temple_overflow_open, shapermc_ecumenical_altar_hornbeckon,
          minivault_24, minmay_misc_feat_diagonals, minivault_11,
          item_on_display_b
D:4:      layout_cave_pools, chequers_temple_overflow_statue_of_worship,
          minmay_temple_entry_from_below_a, portal_sewer_entry_c, uniq_pikel
D:5:      layout_basic, mainiacjoe_overflow_alcove_1, amcnicky_altar_gilded
D:6:      layout_basic, uniq_maggie

Skill      XL: |  1  2  3  4  5  6  7  8 |
---------------+-------------------------+-----
Ranged Weapons | 3 4 5 6 7 8 |  8.0
Fighting       | 2 3 4 5 |  5.1
Armour         | 2 |  2.7
Dodging        | 6 |  6.2
Spellcasting   | |  1.0
Hexes          | |  2.0

Action                     |  1- 3 |  4- 6 |  7- 9 || total
---------------------------+-------+-------+-------++-------
   Fire: Sling             |    78 |   245 |   174 ||   497
    Use: Scroll            |     5 |     2 |     4 ||    11
         Potion            |     1 |       |     3 ||     4
 Armour: Robe              |     1 |    39 |    43 ||    83
         Leather armour    |     3 |     2 |       ||     5
  Dodge: Dodged            |    12 |    85 |    87 ||   184

Table legend:
 A = Non-vault XP
 B = Vault XP
 C = Vault XP percentage of total XP
 D = Non-vault monster count
 E = Vault monster count
 F = Vault count percentage of total count
                 A         B        C        D         E       F
            +---------+---------+-------+---------+---------+-------
      Total |    1041 |     816 |  43.9 |      98 |      35 |  26.3
            +---------+---------+-------+---------+---------+-------
        D:1 |      33 |       0 |   0.0 |      18 |       0 |   0.0
        D:2 |      38 |       0 |   0.0 |      14 |       0 |   0.0
        D:3 |     240 |       0 |   0.0 |      31 |       0 |   0.0
        D:4 |     322 |     676 |  67.7 |      21 |       7 |  25.0
        D:5 |     321 |       0 |   0.0 |      13 |       0 |   0.0
        D:6 |      87 |       0 |   0.0 |       1 |       0 |   0.0
      Sewer |       0 |     140 | 100.0 |       0 |      28 | 100.0
            +---------+---------+-------+---------+---------+-------
